 Dungeon Crawl Stone Soup version 0.22-a0-322-g60b3cfd (webtiles) character file.

828 kidcy the Skirmisher (level 7, -4/82 HPs)
             Began as a Demonspawn Fighter on Apr 2, 2018.
             Shot themself with an iceblast (13 damage)
             ... on level 4 of the Dungeon.
             The game lasted 00:07:58 (5007 turns).

kidcy the Skirmisher (Demonspawn Fighter)           Turns: 5007, Time: 00:07:59

Health: -4/82      AC: 23    Str: 18    XL:     7   Next: 64%
Magic:  7/7        EV:  2    Int: 10    God:
Gold:   161        SH: 10    Dex: 17    Spells: 6/6 levels left

rFire    . . .     SeeInvis .   d - +1 flail
rCold    . . .     Gourm    .   c - +0 shield
rNeg     + + +     Faith    .   (armour currently unavailable)
rPois    +         Spirit   .   (helmet currently unavailable)
rElec    .         Reflect  .   (cloak currently unavailable)
rCorr    .         Harm     .   (gloves currently unavailable)
MR       +....     NoTele   +   (boots currently unavailable)
Stlth    +++.......             (no amulet)
HPRegen  0.23/turn              e - +5 ring of evasion
MPRegen  0.10/turn              a - ring of protection from magic (curse)

@: agile, lethally poisoned (-4 -> -22), tree-form
A: powered by death 2, rot immunity
a: no special abilities


You were on level 4 of the Dungeon.
You were hungry.
You were a tree.
You visited 1 branch of the dungeon, and saw 4 of its levels.

You collected 161 gold pieces.

Inventory:

Hand Weapons
 d - a +1 flail (weapon)
Armour
 b - a +0 scale mail (melded)
 c - a +0 shield (worn)
 m - a scarf of cloud immunity (melded)
Jewellery
 a - a cursed ring of protection from magic (right branch)
 e - a +5 ring of evasion (left branch)
 j - an uncursed ring of protection from fire
 o - a cursed ring of protection from fire
Wands
 i - a wand of random effects (28)
Scrolls
 g - 5 scrolls of remove curse
 n - a scroll of teleportation
Comestibles
 f - 7 rations


   Skills:
 + Level 4.9 Fighting
 - Level 4.5 Maces & Flails
 + Level 4.3 Armour
 + Level 4.4 Shields
 * Level 2.2 Unarmed Combat


You had 6 spell levels left.
You didn't know any spells.

Dungeon Overview and Level Annotations

Branches:
Dungeon (4/15)
 Temple: D:4-7

Altars:

Annotations:
D:4 1 runed door


Innate Abilities, Weirdness & Mutations

((You have sharp toenails.))
You regenerate health from kills.
You are immune to rotting.


Message History

You cannot move.
As you read the scroll labeled ENLOUH UJUOJ, it crumbles to dust.
The air around you briefly surges with heat, but it dissipates.
It was a scroll of immolation.
* * * LOW HITPOINT WARNING * * *
You feel sick.
Okay, then.
You aren't carrying any potions.
Unknown command.
Okay, then.
You aren't carrying any potions.
Unknown command.
Evoke which item? (* to show all) (? for menu, Esc to quit)
Okay, then.
Evoke which item? (* to show all) (? for menu, Esc to quit)
Aiming: Random Effects
Press: ? - help, Shift-Dir - straight line, f - you That beam is likely to hit you.
Continue anyway?
The mass of ice explodes!
The iceblast engulfs you!
You die...

#.# #)# ####.# #....#
#### #....# #... #...##
#.## ##.## #.# #.# #.#
#♣# #.# #†# #.#
##.#############.#
#####................##
.........###########....
###.##..........# #.###
#.......#####...###.#
#..###..[ .......##.###
#. #.(.. #....##....


There were no monsters in sight!

Vanquished Creatures
  Sigmund (D:4)
  Eustachio (D:4)
  A water moccasin (D:4)
  A phantom (D:4)
  A scorpion (D:3)
  A bullfrog skeleton (D:4)
  An orc wizard (D:3)
  4 worker ants
  3 adders
  5 worms
  2 dart slugs
  4 leopard geckos
  6 orcs (D:3)
  2 ball pythons
  5 giant cockroaches
  9 goblins
  10 hobgoblins
  7 jackals
  5 kobolds
  3 quokkas
  7 bats
  4 frilled lizards
  7 rats
90 creatures vanquished.

Notes
Turn   | Place    | Note
-------+----------+-------------------------------------------
     0 | D:1      | kidcy the Demonspawn Fighter began the quest for the Orb.
     0 | D:1      | Reached XP level 1. HP: 18/18 MP: 1/1
   243 | D:1      | Gained mutation: You regenerate a little health from kills. [demonic ancestry]
   243 | D:1      | Reached XP level 2. HP: 22/24 MP: 2/2
  1030 | D:2      | Reached XP level 3. HP: 29/29 MP: 3/3
  1750 | D:2      | Noticed an ice beast
  2700 | D:3      | Gained mutation: You are immune to rotting. [demonic ancestry]
  2700 | D:3      | Reached XP level 4. HP: 32/35 MP: 4/4
  2846 | D:3      | Gained mutation: You regenerate health from kills. [demonic ancestry]
  2846 | D:3      | Reached XP level 5. HP: 19/42 MP: 5/5
  3746 | D:4      | Noticed a phantom
  3778 | D:4      | Killed a phantom
  3778 | D:4      | Reached XP level 6. HP: 23/48 MP: 6/6
  4248 | D:4      | Noticed Eustachio
  4264 | D:4      | HP: 1/48 [white imp/puff of frost[Eustachio] (2)]
  4308 | D:4      | Killed Eustachio
  4510 | D:4      | Found a runed door.
  4555 | D:4      | Gained mutation: You have sharp toenails. [demonic ancestry]
  4555 | D:4      | Reached XP level 7. HP: 53/55 MP: 7/7
  4895 | D:4      | Noticed Sigmund
  4909 | D:4      | Killed Sigmund
  4909 | D:4      | Reached skill level 1 in Unarmed Combat
  5007 | D:4      | Shot themself with an iceblast

Vault maps used:
D:1:      nagdon_arrival_zigzag_paths
D:2:      first_ration, nrook_mini_backslash
D:3:      minmay_misc_feat_x
D:4:      uniq_sigmund, uniq_eustachio, uniq_crazy_yiuf_cottage

Skill      XL: |  1  2  3  4  5  6  7 |
---------------+----------------------+-----
Maces & Flails | 2 3 4 |  4.5
Shields        | 3 4 |  4.4
Armour         | 3 4 |  4.3
Fighting       | 4 |  4.9
Unarmed Combat | 2 |  2.2

Action                   |  1- 3 |  4- 6 |  7- 9 || total
-------------------------+-------+-------+-------++-------
Melee: Flail             |   207 |   223 |    29 ||   459
       Unarmed           |       |       |    21 ||    21
       Kick              |       |       |    17 ||    17
  Use: Potion            |     1 |     4 |     2 ||     7
       Scroll            |       |     8 |     1 ||     9
  Eat: Chunk             |     3 |     6 |     1 ||    10
       Ration            |     1 |       |       ||     1
Armor: Scale mail        |   112 |    87 |     9 ||   208
Dodge: Dodged            |    68 |    73 |    13 ||   154
Block: Shield            |   128 |   141 |    25 ||   294

Table legend:
 A = Spawn XP
 B = Non-spawn XP
 C = Spawn XP percentage of total XP
 D = Spawn monster count
 E = Non-spawn monster count
 F = Spawn count percentage of total count
 G = Total turns spent on level
                    A         B        C        D         E        F      G
               +---------+---------+-------+---------+---------+-------+---------
         Total |       0 |    1183 |   0.0 |       0 |      90 |   0.0 |  5007
               +---------+---------+-------+---------+---------+-------+---------
           D:1 |       0 |      27 |   0.0 |       0 |      16 |   0.0 |  1167
           D:2 |       0 |      62 |   0.0 |       0 |      25 |   0.0 |  1482
           D:3 |       0 |     241 |   0.0 |       0 |      38 |   0.0 |  1097
           D:4 |       0 |     853 |   0.0 |       0 |      11 |   0.0 |  1261
               +---------+---------+-------+---------+---------+-------+---------
